Map: Templo óseo EE

Players

Zepol

  • Race: Protoss Protoss
  • League: Silver
  • Spawn Location: 6:00

PapiMario

  • Race: Terran Terran
  • League: Bronze
  • Spawn Location: 7:00

Regri

  • Race: Protoss Protoss
  • League: Silver
  • Spawn Location: 7:00

TATORREA - Winner!

  • Race: Protoss Protoss
  • League: Gold
  • Spawn Location: 1:00

MrFercho - Winner!

  • Race: Zerg Zerg
  • League: Silver
  • Spawn Location: 12:00

tigro - Winner!

  • Race: Terran Terran
  • League: Bronze
  • Spawn Location: 3:00

VOD

Have the link to the VOD?

Description

Time

  • Played on: July 1, 2020, 10:50 p.m.
  • Length: 19:19
Show
View Real Time Build Order
Export as new Build Order

Zepol Protoss 

Build Orders:  

Get SALT Encoding   

  12  0:02  Probe  
  13  0:15  Probe  
  14  0:34  Probe  
  14  0:35  Pylon  
  15  0:53  Probe  
  16  1:05  Gateway  
  16  1:09  Probe  
  16  1:11  Assimilator  
  17  1:35  Probe  
  18  1:48  Probe  
  19  2:08  Nexus  
  19  2:13  Pylon  
  19  2:18  Probe  
  19  2:19  Cybernetics Core  
  19  2:22  Assimilator  
  20  2:44  Pylon, Probe  
  21  3:03  Probe  
  22  3:14  Stargate  
  22  3:24  Assimilator, Probe x2  
  24  3:40  Stargate  
  24  4:01  Forge  
  24  4:08  Probe x2  
  26  4:19  Fleet Beacon  
  26  4:20  Probe x2  
  28  4:27  Assimilator  
  28  4:40  Protoss Shields Level 1  
  28  4:52  Protoss Air Weapons Level 1  
  28  4:54  Probe  
  28  4:55  Probe  
  30  5:06  Tempest  
  35  5:17  Probe  
  36  5:23  Tempest  
  41  5:44  Probe  
  41  5:45  Cybernetics Core  
  41  5:47  Probe  
  43  6:04  Stargate  
  43  6:08  Tempest x2  
  53  6:40  Probe  
  54  6:47  Pylon  
  54  6:51  Pylon  
  54  6:54  Pylon  
  54  7:05  Probe  
  54  7:07  Protoss Air Armor Level 1  
  55  7:08  Protoss Air Weapons Level 2  
  55  7:33  Tempest x3  
  70  7:37  Probe x2  
  72  7:49  Probe  
  73  8:09  Nexus  
  73  8:10  Probe  
  73  8:11  Probe  
  75  8:19  Pylon  
  75  8:37  Tempest x2  
  75  8:41  Twilight Council  
  85  8:47  Pylon  
  85  8:49  Pylon  
  85  8:52  Pylon  
  85  8:56  Pylon  
  85  9:05  Tempest, Stargate  
  90  9:16  Protoss Shields Level 2  
  90  9:43  Protoss Air Weapons Level 3, Protoss Air Armor Level 2  
  90  9:46  Probe  
  90  9:50  Probe x2  
  90  9:52  Tempest  
  98  10:06  Tempest  
  103  10:12  Assimilator  
  78  11:10  Tempest  
  78  11:11  Tempest x3  
  98  11:20  Probe x3  
  101  11:29  Assimilator  
  101  11:32  Probe x2  
  103  11:37  Pylon  
  103  11:41  Pylon  
  103  12:11  Tempest  
  103  12:12  Tempest x3  
  112  12:54  Tempest  
  112  13:10  Tempest x2  
  112  13:11  Tempest  
  127  13:48  Probe x3  
  130  13:51  Tempest  
  135  14:13  Probe x3  
  138  14:50  Tempest  
  138  14:54  Tempest  
  138  14:55  Tempest  
  138  14:56  Tempest  
  118  15:08  Probe x3  
  121  15:14  Pylon  
  121  15:18  Pylon  
  121  15:23  Pylon  
  121  15:25  Nexus  
  121  15:29  Pylon  
  121  15:33  Tempest, Stargate  
  121  15:35  Stargate  
  126  15:37  Tempest  
  126  15:38  Tempest  
  136  16:00  Assimilator  
  136  16:10  Tempest  
  141  16:14  Assimilator  
  141  16:16  Tempest  
  146  16:20  Tempest x2  
  146  16:23  Pylon  
  151  16:27  Pylon  
  141  16:38  Tempest x2  
  146  16:52  Tempest  
  151  17:14  Tempest  
  151  17:15  Tempest  
  161  17:33  Stargate  
  161  18:07  Probe x3  
  137  18:19  Probe  
  77  18:21  Tempest x3  
  77  18:22  Tempest x3  
  83  18:32  Probe  
  83  18:33  Probe  
Show
View Real Time Build Order
Export as new Build Order

PapiMario Terran 

Build Orders:  

Get SALT Encoding   

  12  0:03  SCV  
  13  0:19  Supply Depot  
  13  0:20  SCV  
  14  0:32  Refinery, SCV  
  15  0:44  SCV  
  16  0:54  Barracks  
  16  1:03  SCV  
  17  1:14  Refinery  
  17  1:15  SCV  
  18  1:23  Supply Depot  
  18  1:28  SCV  
  19  1:40  SCV  
  19  1:47  Supply Depot  
  20  1:52  SCV  
  21  2:01  Barracks Tech Lab  
  21  2:04  SCV  
  21  2:05  Factory  
  22  2:16  SCV  
  23  2:28  SCV  
  24  2:35  Marine  
  25  2:45  Barracks  
  25  2:52  Factory Tech Lab  
  25  2:53  Marine  
  25  2:56  Armory  
  26  3:07  Orbital Command  
  26  3:11  Marine  
  27  3:22  Siege Tank  
  30  3:29  Marine  
  31  3:47  Marine  
  32  3:54  Siege Tank  
  35  4:05  Marauder  
  35  4:09  Factory  
  37  4:11  Barracks Reactor  
  37  4:16  Supply Depot  
  37  4:22  SCV  
  38  4:25  Terran Vehicle And Ship Armor Level 1  
  38  4:38  Marauder  
  40  4:39  Supply Depot  
  40  4:57  Engineering Bay  
  40  4:59  Marauder  
  42  5:02  Supply Depot  
  42  5:30  Command Center  
  42  5:35  Supply Depot  
  42  5:38  Terran Infantry Armor Level 1, Missile Turret  
  42  5:58  Thor  
  48  6:18  Missile Turret  
  48  6:19  Terran Ship Weapons Level 1  
  48  6:20  Supply Depot  
  48  6:40  Thor  
  48  6:46  Missile Turret  
  54  6:52  Factory Tech Lab  
  54  7:01  Supply Depot  
  54  7:07  SCV  
  55  7:11  SCV  
  56  7:19  SCV  
  56  7:20  Refinery  
  56  7:23  SCV  
  57  7:31  SCV  
  57  7:33  Terran Infantry Weapons Level 1  
  58  7:43  SCV  
  59  7:52  Thor  
  59  7:55  SCV  
  66  8:01  Missile Turret  
  66  8:13  Thor, Terran Vehicle Weapons Level 1  
  66  8:18  Marine  
  66  8:19  Marine  
  74  8:32  Missile Turret  
  74  8:35  Missile Turret  
  74  8:36  Marine x2  
  76  8:54  Marine x2  
  78  9:02  Thor  
  84  9:04  Thor  
  90  9:12  Marine x2  
  90  9:13  Missile Turret  
  92  9:19  Orbital Command  
  92  9:50  Thor  
  98  10:02  SCV  
  99  10:13  Supply Depot  
  78  10:14  SCV  
  60  10:26  SCV  
  60  10:39  SCV  
  61  10:51  SCV  
  61  10:55  Command Center  
  62  10:57  Marine x2  
  62  11:04  Marine  
  64  11:09  Thor  
  71  11:15  Marine x2  
  73  11:22  Marine  
  74  11:28  Refinery  
  74  11:29  SCV  
  75  11:33  Marine x2  
  75  11:39  Marine  
  77  11:41  SCV  
  77  11:45  Missile Turret  
  77  11:46  Thor  
  85  11:50  Marine  
  85  11:51  Marine  
  85  11:53  SCV  
  88  11:57  Marine  
  89  12:05  SCV  
  90  12:15  Marine  
  90  12:17  SCV  
  84  12:44  Marine  
  82  12:49  Marine x2  
  77  12:53  Thor  
  77  12:54  Thor  
  79  13:02  Marine  
  80  13:07  Marine x2  
  82  13:19  Marine  
  82  13:24  Marine x2  
  85  13:29  Factory  
  85  13:37  Thor, Marine  
  92  13:42  Terran Vehicle And Ship Armor Level 2, Marine x2  
  92  13:48  Neosteel Armor  
  94  13:55  Marine  
  95  14:00  Marine x2  
  97  14:13  Marine  
  97  14:16  Factory Tech Lab  
  98  14:18  Marine x2  
  100  14:31  Marine  
  101  14:36  Marine x2  
  103  14:41  Supply Depot  
  103  14:48  Marine  
  103  14:50  Thor  
  103  14:51  Thor  
  116  14:53  Thor, Marine  
  116  14:54  Marine  
  116  14:56  SCV  
  125  15:05  Supply Depot  
  125  15:06  Marine  
  126  15:08  SCV  
  126  15:11  Marine x2  
  126  15:13  Refinery  
  129  15:21  SCV  
  130  15:24  Marine  
  130  15:27  Terran Infantry Weapons Level 2  
  131  15:29  Marine x2  
  131  15:32  Supply Depot  
  131  15:33  Factory, SCV  
  134  15:37  Thor  
  134  15:42  Marine  
  141  15:49  Supply Depot  
  141  15:54  Supply Depot, Thor, SCV  
  148  15:58  Terran Vehicle Weapons Level 2  
  148  16:04  Factory  
  148  16:06  SCV  
  149  16:11  Supply Depot  
  149  16:15  Refinery  
  149  16:18  SCV  
  149  16:20  Thor  
  156  16:30  SCV  
  157  16:42  SCV  
  158  16:50  Factory Tech Lab  
  158  16:54  SCV  
  158  16:56  Hellion  
  145  17:46  Thor  
  116  18:29  Thor  
  116  18:33  Marine x2  
  113  18:38  Marine  
  114  18:51  Marine x2  
  116  18:56  Marine  
Show
View Real Time Build Order
Export as new Build Order

Regri Protoss 

Build Orders: 1 Gate Expand, Carriers, Carrier Rush 

Get SALT Encoding   

  12  0:01  Probe  
  13  0:14  Probe  
  14  0:25  Pylon  
  14  0:29  Probe  
  15  0:43  Probe  
  15  0:47  Gateway  
  16  0:54  Probe  
  16  0:56  Assimilator  
  17  1:02  Probe  
  17  1:10  Probe  
  19  1:22  Probe  
  20  1:37  Cybernetics Core  
  20  1:41  Nexus  
  20  1:47  Probe  
  20  1:52  Assimilator  
  21  2:02  Forge  
  21  2:17  Probe  
  21  2:20  Assimilator  
  22  2:25  Probe  
  23  2:39  Stargate  
  23  2:42  Pylon  
  23  2:46  Photon Cannon  
  23  2:53  Probe x2  
  25  3:05  Probe x2  
  27  3:17  Probe  
  27  3:18  Probe  
  29  3:29  Probe  
  29  3:30  Probe  
  29  3:31  Fleet Beacon  
  31  3:36  Assimilator  
  31  3:41  Probe  
  31  3:42  Probe  
  33  3:54  Probe x2  
  35  3:59  Protoss Shields Level 1  
  35  4:05  Probe  
  35  4:08  Protoss Air Weapons Level 1  
  36  4:13  Probe  
  37  4:21  Carrier, Probe  
  37  4:23  Probe  
  45  4:33  Probe  
  45  4:38  Stargate  
  46  4:51  Pylon  
  46  5:05  Pylon  
  46  5:06  Probe  
  46  5:09  Probe  
  46  5:10  Pylon  
  48  5:14  Probe  
  48  5:21  Probe  
  50  5:24  Carrier  
  50  5:26  Carrier  
  62  5:41  Photon Cannon  
  62  5:48  Photon Cannon  
  62  6:04  Stargate x2  
  62  6:24  Pylon  
  62  6:25  Pylon  
  62  6:30  Protoss Air Weapons Level 2  
  62  6:32  Twilight Council  
  62  6:36  Cybernetics Core  
  62  6:42  Carrier  
  68  7:39  Pylon  
  74  7:44  Carrier  
  74  7:55  Nexus  
  74  7:57  Carrier  
  80  8:01  Carrier  
  86  8:06  Assimilator  
  86  8:11  Assimilator  
  86  8:47  Protoss Shields Level 2  
  86  8:49  Protoss Air Armor Level 1  
  86  9:03  Probe  
  86  9:07  Carrier, Probe x2  
  95  9:11  Probe  
  96  9:19  Probe x2  
  96  9:21  Probe  
  99  9:31  Probe x2  
  101  10:12  Pylon  
  101  10:14  Pylon  
  101  10:17  Pylon  
  101  10:24  Pylon  
  101  10:31  Carrier  
  101  10:32  Carrier  
  101  10:35  Carrier  
  107  11:07  Carrier, Probe  
  114  11:15  Probe  
  114  11:18  Mothership  
  122  11:25  Probe  
  124  11:37  Probe  
  124  11:38  Carrier, Nexus  
  131  11:41  Assimilator  
  131  11:45  Assimilator  
  131  11:49  Probe  
  131  11:53  Protoss Shields Level 3  
  132  12:01  Probe  
  133  12:18  Carrier  
  121  13:24  Pylon  
  121  13:28  Pylon  
  121  13:30  Pylon  
  121  13:35  Pylon  
  113  13:52  Carrier x3  
  77  15:04  Carrier x3  
  95  15:11  Stargate  
  95  15:14  Stargate  
  95  15:15  Stargate  
  95  15:16  Stargate  
  95  15:18  Stargate  
  95  15:19  Probe  
  95  15:20  Stargate  
  95  15:27  Probe  
  97  15:40  Pylon  
  97  16:04  Carrier  
  103  16:06  Carrier  
  109  16:46  Probe  
  110  16:52  Charge  
  110  16:57  Twilight Council  
  110  16:58  Probe  
  111  17:09  Gateway  
  111  17:12  Gateway  
  111  17:13  Gateway, Carrier  
  117  17:16  Gateway, Carrier  
  117  17:17  Gateway  
Show
View Real Time Build Order
Export as new Build Order

TATORREA Protoss - Winner!

Build Orders: 1 Gate Expand 

Get SALT Encoding   

  12  0:02  Probe  
  14  0:14  Probe  
  14  0:26  Pylon, Probe  
  15  0:44  Probe  
  15  0:45  Gateway  
  16  1:01  Probe  
  17  1:07  Assimilator  
  17  1:09  Probe  
  17  1:12  Pylon  
  17  1:17  Probe  
  19  1:27  Probe  
  20  1:39  Probe  
  21  1:40  Nexus  
  21  1:50  Assimilator  
  21  1:52  Probe  
  21  2:04  Probe  
  22  2:08  Cybernetics Core  
  22  2:16  Probe  
  23  2:28  Probe  
  24  2:47  Gateway  
  24  2:48  Gateway  
  24  2:49  Robotics Facility  
  24  2:56  Probe x2  
  26  3:07  Pylon  
  26  3:12  Pylon  
  26  3:13  Probe  
  26  3:14  Probe  
  26  3:16  Pylon  
  28  3:25  Probe  
  28  3:26  Probe  
  30  3:31  Stalker  
  32  3:36  Warp Gate  
  32  3:37  Probe  
  32  3:38  Probe  
  34  3:50  Probe x2  
  34  3:51  Stalker  
  34  3:54  Sentry  
  40  4:02  Sentry  
  42  4:04  Observer  
  42  4:07  Probe  
  45  4:10  Probe  
  45  4:19  Probe  
  45  4:22  Probe  
  47  4:25  Stalker, Immortal  
  47  4:26  Stalker  
  47  4:31  Stalker  
  57  4:33  Probe  
  57  4:34  Probe  
  59  4:45  Probe  
  60  4:46  Probe  
  60  4:51  Nexus  
  61  4:57  Probe  
  61  4:58  Probe  
  63  5:00  Pylon  
  63  5:09  Probe  
  63  5:10  Probe  
  65  5:20  Pylon  
  65  5:22  Assimilator  
  65  5:23  Probe x2  
  65  5:27  Assimilator  
  67  5:33  Stalker x3  
  67  5:35  Probe  
  74  5:37  Immortal  
  74  5:39  Probe  
  79  5:47  Probe  
  80  5:51  Probe  
  80  5:54  Pylon  
  81  5:57  Pylon  
  81  6:01  Pylon  
  81  6:05  Probe x2  
  81  6:06  Probe  
  81  6:11  Pylon  
  84  6:14  Pylon  
  84  6:17  Probe x2  
  86  6:19  Pylon, Probe  
  86  6:23  Pylon  
  87  6:32  Forge  
  87  6:34  Forge  
  87  6:36  Forge  
  87  6:37  Twilight Council  
  87  6:53  Probe x3  
  90  7:02  Assimilator  
  90  7:03  Assimilator  
  90  7:05  Probe x3  
  90  7:07  Nexus  
  90  7:08  Pylon  
  93  7:14  Pylon  
  89  7:17  Probe x2  
  76  7:25  Stalker x3  
  76  7:27  Probe  
  76  7:29  Probe x2  
  75  7:52  Gateway  
  75  7:56  Gateway  
  75  7:58  Gateway  
  75  8:00  Gateway  
  75  8:03  Gateway, Probe x3  
  75  8:05  Gateway  
  78  8:07  Gateway  
  78  8:09  Gateway  
  78  8:10  Protoss Ground Armor Level 1, Protoss Ground Weapons Level 1  
  78  8:11  Gateway, Protoss Shields Level 1  
  78  8:14  Gateway  
  78  8:15  Stalker x3, Probe x3  
  78  8:16  Gateway, Blink  
  78  8:19  Gateway  
  87  8:22  Gateway  
  87  8:49  Probe x3  
  87  8:50  Probe  
  91  9:01  Probe  
  92  9:03  Stalker x4  
  92  9:04  Stalker x2  
  92  9:06  Assimilator  
  104  9:11  Assimilator  
  104  9:15  Templar Archives  
  104  9:16  Nexus  
  104  9:19  Pylon x2  
  104  9:22  Pylon  
  104  9:34  Stalker  
  104  9:35  Stalker x4  
  104  9:36  Stalker x3  
  104  9:37  Stalker x4  
  128  9:43  Stalker x2  
  132  9:45  Stalker  
  132  9:51  Stalker  
  136  10:17  Stalker x2  
  136  10:18  Stalker x2  
  136  10:19  Stalker x5  
  136  10:20  Stalker x3  
  136  10:21  Stalker  
  162  10:31  Stalker x3  
  156  11:03  Protoss Shields Level 2, Protoss Ground Armor Level 2, Protoss Ground Weapons Level 2  
  156  11:06  Stalker  
  156  11:07  Stalker x4  
  156  11:08  Stalker x4  
  156  11:09  Stalker x2  
  156  11:10  Stalker x3  
  156  11:11  Stalker x2  
  188  11:32  High Templar x2  
  190  11:33  High Templar x3  
  190  11:34  High Templar  
  190  11:36  Archon  
  190  11:37  Archon  
  190  11:38  Archon  
  116  12:39  High Templar  
  116  12:40  High Templar x5  
  116  12:41  High Templar x3  
  116  12:42  High Templar x4  
  116  12:43  High Templar  
  122  12:47  Archon  
  122  12:48  Archon x4  
  122  12:49  Archon x2  
  112  13:13  Assimilator  
  112  13:16  Stalker  
  112  13:17  Stalker x5, Assimilator  
  112  13:18  Stalker x4  
  112  13:19  Stalker x5  
  142  13:20  Stalker  
  144  13:28  Protoss Ground Weapons Level 3, Protoss Ground Armor Level 3  
  144  13:41  Protoss Shields Level 3  
  144  14:00  Stalker  
  144  14:01  Stalker x2  
  150  14:03  Stalker  
  150  14:05  Stalker  
  150  14:06  Stalker  
  139  14:56  Stalker x2  
  139  14:57  Stalker x4  
  151  15:06  Pylon  
  151  15:10  Pylon  
  151  15:12  Pylon  
  151  15:15  Pylon  
  151  15:19  Pylon  
  151  15:23  Pylon  
  151  15:28  Gateway  
  151  15:30  Gateway  
  151  15:32  Gateway  
  151  15:34  Gateway  
  151  15:36  Stalker x2  
  151  15:37  Stalker x4, Gateway  
  151  15:38  Stalker x3  
  151  15:39  Stalker x3  
  151  15:40  Gateway  
  175  15:43  Gateway  
  175  15:51  Stalker  
  175  15:52  Stalker  
  179  16:14  Stalker  
  179  16:15  Stalker x5  
  179  16:16  Stalker x4  
  199  17:43  Nexus  
  197  17:46  Pylon  
  197  17:48  Pylon  
  141  18:28  Stalker  
  141  18:29  Stalker x5  
  141  18:30  Stalker x2  
  141  18:31  Stalker x5  
  141  18:32  Stalker x4  
  141  18:33  Stalker x3  
  141  18:34  Stalker  
  119  18:57  Stalker x4  
  119  18:58  Stalker  
  119  18:59  Stalker x4  
  119  19:00  Stalker x4  
  119  19:01  Stalker x3  
  119  19:02  Stalker  
  153  19:03  Stalker x2  
  153  19:04  Stalker  
  153  19:05  Stalker  
Show
View Real Time Build Order
Export as new Build Order

MrFercho Zerg - Winner!

Build Orders: Hatch First 

Get SALT Encoding   

  12  0:01  Drone  
  13  0:12  Drone  
  14  0:18  Overlord  
  14  0:36  Drone x2  
  14  0:37  Drone  
  17  1:02  Hatchery  
  17  1:04  Drone x2  
  18  1:10  Drone  
  19  1:14  Extractor  
  18  1:20  Drone  
  19  1:30  Overlord  
  19  1:42  Drone  
  20  1:50  Spawning Pool  
  20  1:53  Drone  
  20  2:02  Drone  
  21  2:13  Drone  
  22  2:18  Drone  
  23  2:24  Drone  
  23  2:25  Drone  
  25  2:35  Drone  
  26  2:37  Queen x2  
  26  2:39  Drone  
  31  2:46  Overlord  
  31  2:47  Overlord  
  31  2:57  Extractor x2  
  31  2:58  Drone x2  
  31  3:12  Drone x2  
  33  3:14  Roach Warren  
  32  3:21  Lair, Evolution Chamber  
  32  3:23  Drone x2  
  32  3:25  Queen  
  35  3:28  Drone  
  35  3:29  Drone  
  37  3:40  Drone x2  
  39  3:48  Zerg Missile Weapons Level 1  
  39  3:59  Roach x4  
  39  4:00  Roach x2  
  39  4:01  Overlord  
  51  4:19  Drone  
  51  4:20  Drone x2  
  54  4:29  Hatchery  
  53  4:32  Zergling x2  
  53  4:33  Zergling x8  
  53  4:37  Drone x2  
  60  4:50  Extractor  
  59  5:05  Drone  
  59  5:06  Overlord x2  
  59  5:07  Overlord  
  60  5:12  Hydralisk Den  
  60  5:14  Drone  
  60  5:26  Overlord x5  
  60  5:27  Overlord  
  60  5:31  Drone  
  60  5:32  Drone x4  
  65  5:45  Drone x3  
  68  5:50  Drone x3  
  68  5:56  Drone x3  
  74  6:04  Spore Crawler  
  73  6:09  Spine Crawler  
  73  6:10  Drone x5  
  77  6:11  Spine Crawler  
  77  6:17  Hydralisk  
  77  6:18  Hydralisk x2  
  82  6:23  Grooved Spines  
  82  6:28  Zerg Missile Weapons Level 2  
  82  6:35  Evolution Chamber  
  81  6:40  Hydralisk x3  
  81  6:42  Hydralisk  
  81  6:44  Hydralisk  
  91  6:47  Hydralisk  
  93  6:59  Hydralisk  
  93  7:00  Hydralisk x3  
  93  7:01  Hydralisk  
  101  7:07  Drone x4  
  107  7:20  Drone x4, Spire  
  110  7:25  Extractor  
  110  7:27  Extractor  
  106  7:34  Muscular Augments  
  95  7:41  Hydralisk x6  
  97  7:53  Hatchery  
  97  7:56  Drone  
  97  7:57  Drone x4  
  101  8:08  Overlord  
  101  8:09  Overlord x3  
  101  8:15  Zerg Ground Armor Level 1  
  101  8:26  Drone  
  103  8:27  Drone  
  103  8:35  Drone x2  
  103  8:36  Extractor, Drone  
  103  8:37  Hatchery, Drone  
  103  8:38  Drone x3  
  103  8:41  Extractor, Hydralisk  
  107  8:42  Hydralisk x3  
  115  8:59  Infestation Pit  
  115  9:00  Hydralisk  
  115  9:01  Hydralisk x5  
  126  9:08  Hydralisk x4  
  134  9:30  Drone x8  
  142  9:38  Overlord x3  
  142  9:41  Hydralisk x4  
  150  9:48  Hive  
  150  10:03  Corruptor x5  
  150  10:04  Corruptor  
  124  10:29  Corruptor x5  
  124  10:30  Corruptor x3  
  124  10:31  Corruptor  
  133  10:52  Hydralisk x4  
  133  10:53  Hydralisk x3  
  145  11:00  Hydralisk  
  145  11:01  Spire  
  146  11:15  Extractor, Hatchery  
  144  11:35  Spire  
  144  11:37  Drone x12  
  155  11:44  Extractor  
  154  11:50  Overlord x4  
  154  12:00  Zerg Missile Weapons Level 3  
  154  12:01  Zerg Ground Armor Level 2  
  154  12:22  Hydralisk x7  
  132  12:57  Corruptor x4  
  132  12:58  Corruptor  
  88  13:16  Drone x8  
  96  13:32  Corruptor x5  
  106  13:52  Drone x9  
  115  13:58  Extractor  
  115  13:59  Hatchery  
  111  14:52  Hydralisk x6  
  105  14:53  Hydralisk x9  
  131  15:23  Drone x4  
  135  15:38  Hydralisk x5  
  135  15:39  Hydralisk x9  
  163  15:52  Hydralisk  
  163  15:53  Hydralisk x4  
  173  15:59  Queen  
  173  16:00  Hatchery  
  173  16:01  Queen  
  176  16:04  Extractor  
  176  16:07  Extractor  
  170  16:43  Hydralisk x13  
  170  16:44  Hydralisk x2  
  200  17:10  Hatchery  
  200  17:12  Extractor  
  200  17:14  Extractor  
  197  17:18  Hydralisk  
  199  17:29  Hatchery  
  168  17:52  Corruptor  
  168  17:53  Corruptor x14  
  118  18:21  Hydralisk x10  
  132  18:40  Drone x4  
  132  18:41  Drone x5  
  140  18:42  Drone  
  140  18:45  Hydralisk x3  
Show
View Real Time Build Order
Export as new Build Order

tigro Terran - Winner!

Build Orders:  

Get SALT Encoding   

  12  0:03  SCV  
  13  0:15  SCV  
  14  0:27  SCV  
  15  0:35  Supply Depot  
  15  0:36  Refinery  
  15  0:56  Refinery  
  15  0:57  SCV  
  16  1:09  SCV  
  17  1:14  Barracks  
  17  1:21  SCV  
  18  1:33  SCV  
  18  1:35  Supply Depot  
  19  1:45  SCV  
  20  1:57  SCV  
  21  2:03  Marine  
  22  2:10  Barracks, SCV  
  23  2:21  Marine  
  23  2:22  SCV  
  25  2:38  Marine  
  26  2:56  Marine  
  27  3:02  Factory  
  27  3:03  Command Center  
  27  3:07  Barracks Reactor  
  27  3:13  Orbital Command  
  27  3:14  Marine  
  28  3:33  Barracks Tech Lab  
  28  3:50  Engineering Bay  
  28  3:55  Factory Tech Lab  
  28  4:03  SCV  
  28  4:09  Marine x3  
  32  4:15  SCV  
  33  4:17  Refinery  
  33  4:26  Marine  
  33  4:27  Marine x2, SCV  
  37  4:31  Missile Turret  
  37  4:40  SCV  
  37  4:44  Marine x2  
  40  4:47  Refinery  
  40  4:50  Terran Infantry Weapons Level 1  
  40  4:51  Missile Turret  
  40  4:52  Combat Shield, SCV  
  41  5:03  Siege Tank  
  44  5:12  Missile Turret  
  44  5:25  SCV  
  45  5:34  Missile Turret  
  45  5:35  Siege Tank  
  48  5:37  SCV  
  49  5:49  Starport, SCV  
  50  6:01  SCV  
  51  6:11  Stimpack  
  51  6:13  SCV  
  52  6:27  Starport  
  52  6:35  Medivac  
  54  6:45  Terran Infantry Armor Level 1  
  54  6:50  SCV  
  54  6:51  Marine  
  54  6:52  Marine x2  
  58  7:02  SCV  
  59  7:09  Marine  
  59  7:10  Marine x2  
  62  7:24  SCV  
  62  7:27  Marine x2  
  62  7:28  Marine  
  57  7:36  SCV  
  51  7:45  Marine x3, Starport Tech Lab x2  
  51  7:48  SCV  
  55  7:58  Siege Tank  
  58  8:03  Marine  
  59  8:17  Fusion Core  
  59  8:25  Marine x3  
  62  8:39  Hi-Sec Auto Tracking  
  62  8:52  Supply Depot  
  62  8:54  Supply Depot  
  62  9:07  Armory  
  62  9:13  Marine x3  
  62  9:14  Siege Tank  
  62  9:16  Supply Depot, Command Center  
  68  9:31  Marine x3  
  68  9:36  Neosteel Armor  
  68  9:37  Missile Turret  
  71  9:46  Siege Tank  
  71  9:49  Marine x3  
  77  10:02  Missile Turret  
  77  10:07  Marine x3  
  80  10:18  Siege Tank  
  83  10:22  Missile Turret  
  83  10:25  Marine x3  
  86  10:42  Marine x3  
  86  10:48  Missile Turret  
  89  10:50  Siege Tank  
  89  10:53  Medivac x2  
  96  11:00  Marine  
  97  11:15  Terran Infantry Weapons Level 2  
  97  11:35  Missile Turret  
  97  11:54  Missile Turret  
  97  12:16  Missile Turret  
  97  12:18  Marine  
  97  12:19  Marine x2  
  100  12:31  Terran Vehicle Weapons Level 1  
  100  12:35  Weapon Refit  
  100  12:36  Marine  
  101  12:39  Missile Turret  
  101  12:56  Missile Turret  
  101  13:16  Marine x2, Missile Turret  
  101  13:17  Battlecruiser  
  101  13:18  Marine, Battlecruiser, Missile Turret  
  115  13:31  Terran Infantry Armor Level 2  
  98  13:34  Marine x2  
  98  13:36  Marine  
  98  13:38  Missile Turret x2  
  65  13:52  Marine x2  
  65  13:54  Marine  
  68  13:59  Missile Turret  
  68  14:01  SCV  
  69  14:03  Missile Turret  
  69  14:10  Marine x2  
  69  14:11  Marine  
  69  14:13  SCV  
  69  14:15  Rapid Reignition System  
  73  14:21  Battlecruiser, Missile Turret  
  73  14:22  Medivac  
  81  14:25  SCV  
  81  14:26  Terran Vehicle And Ship Armor Level 1  
  81  14:28  Marine x2  
  81  14:29  Marine  
  85  14:36  Missile Turret  
  85  14:37  SCV  
  85  14:45  Missile Turret  
  83  14:46  Marine  
  83  14:49  SCV  
  126  14:52  Medivac  
  87  15:03  Missile Turret  
  87  15:04  Refinery  
  87  15:08  Missile Turret  
  87  15:09  Refinery  
  87  15:12  Advanced Ballistics  
  87  15:25  Missile Turret  
  87  15:29  Missile Turret  
  87  15:43  Battlecruiser x2  
  99  15:52  Marine x3  
  102  16:20  Terran Ship Weapons Level 1  
  102  16:27  Missile Turret  
  102  16:47  Battlecruiser, Missile Turret  
  102  16:48  Battlecruiser  
  114  16:54  Planetary Fortress  
  114  17:08  Missile Turret  
  114  17:35  Missile Turret  
  114  17:52  Battlecruiser  
  120  17:59  Missile Turret  
  120  18:01  Supply Depot  
  120  18:20  Marine  
  120  18:21  Marine x2  
  120  18:24  Supply Depot  
  120  18:26  Missile Turret  
  129  18:38  Marine  
  129  18:39  Marine x2  
  132  18:47  Supply Depot  
  132  18:56  Marine, Missile Turret  
  139  19:11  Supply Depot  
Tags
 
Add a new tag
Caveats
  • Supply blocks, unpowered buildings, or Contaminate may cause inaccurate times.
  • Supply counts are checked every 10 seconds.